 Dungeon Crawl Stone Soup version 0.29.1-13-g9f3cf754e1 (webtiles) character file.

Game seed: 716138474954151981

2332 KittyFluff the Basher (level 9, -1/84 HPs)
             Began as a Gargoyle Berserker on Jan 21, 2023.
             Was a Priest of Trog.
             Slain by a yak (10 damage)
             ... on level 6 of the Dungeon.
             The game lasted 00:22:50 (6585 turns).

KittyFluff the Basher (Gargoyle Berserker)          Turns: 6585, Time: 00:22:51

Health: -1/84      AC: 14    Str: 21    XL:     9   Next: 42%
Magic:  9/9        EV: 12    Int:  8    God:    Trog [***...]
Gold:   110        SH:  4    Dex: 13    Spells: 8/8 levels left

rFire   . . .      SeeInvis .   Q - +1 flail (vorpal)
rCold   . . .      Faith    .   E - +0 buckler
rNeg    + . .      Spirit   .   i - +0 leather armour
rPois   ∞          Reflect  .   (no helmet)
rElec   +          Harm     .   (no cloak)
rCorr   .          Rampage  .   u - +0 pair of gloves
Will    .....                   y - +2 pair of boots
Stlth   ..........              (no amulet)
HPRegen 0.24/turn               (no ring)
MPRegen 0.11/turn               (no ring)

@: berserking, very quick
A: sickness immunity, AC +6, negative energy resistance 1, electricity
resistance, torment resistance 1, petrification resistance
a: Renounce Religion, Berserk, Trog's Hand


You were on level 6 of the Dungeon.
You worshipped Trog.
Trog was most pleased with you.
You visited 1 branch of the dungeon, and saw 6 of its levels.

You collected 438 gold pieces.
You spent 328 gold pieces at shops.

Inventory:

Hand Weapons
 a - a +0 mace
 F - a +0 sling
 N - a +0 flail
 Q - a +1 vorpal flail (weapon)
Missiles
 c - 42 stones (quivered)
 e - 2 curare-tipped darts
 C - 2 javelins
 J - a boomerang
Armour
 i - a +0 leather armour (worn)
 s - a +0 chain mail
 u - a +0 pair of gloves (worn)
 y - a +2 pair of boots (worn)
 E - a +0 buckler (worn)
 G - a +0 scale mail
 H - a +0 ring mail
 P - a +0 cloak
Jewellery
 v - an amulet of magic regeneration
Wands
 b - a wand of flame (44)
 O - a wand of charming (9)
Scrolls
 d - 2 scrolls of enchant armour {unknown}
 f - a scroll of fear {unknown}
 g - a scroll of poison {unknown}
 h - 4 scrolls of magic mapping
 j - 4 scrolls of butterflies {unknown}
 k - a scroll of immolation {unknown}
 o - 3 scrolls of teleportation
 t - a scroll of noise {unknown}
 D - a scroll of brand weapon {unknown}
 I - a scroll of torment {unknown}
 L - a scroll of vulnerability {unknown}
 M - a scroll of blinking {unknown}
Potions
 l - a potion of cancellation
 m - 3 potions of mutation
 n - a potion of might
 p - 2 potions of haste
 q - 2 potions of lignification
 r - a potion of attraction
 w - a potion of magic {unknown}
 x - a potion of curing
 z - 3 potions of heal wounds {unknown}
 A - 3 potions of ambrosia
 B - a potion of degeneration {unknown}
 K - a potion of flight


   Skills:
 + Level 6.3 Fighting
 + Level 8.0 Maces & Flails
 + Level 0.1 Throwing
 * Level 6.9 Armour
 + Level 4.3 Dodging
 + Level 2.2 Stealth
 + Level 2.2 Shields


You had 8 spell levels left.
You didn't know any spells.
Your spell library was empty.

Dungeon Overview and Level Annotations

Branches:
Dungeon (6/15)             Temple (0/1) D:4

Altars:
Sif Muna

Shops:
D:1 ?   D:4 !


Innate Abilities, Weirdness & Mutations

You are immune to sickness and miasma.
Your stone body is resilient. (AC +6)
You are immune to poison.
You resist negative energy. (rN+)
You are resistant to electric shocks. (rElec)
You are resistant to unholy torment.
You are immune to petrification.


Message History

The yak gores you.
* * * LOW HITPOINT WARNING * * *
You barely miss the yak.
The yak is moderately wounded.
You block the yak's attack.
You hit the yak.
The yak is moderately wounded.
The yak gores you but does no damage.
You feel better. The yak gores you.
* * * LOW HITPOINT WARNING * * *
You hit the yak.
The yak is heavily wounded.
The yak gores you but does no damage.
You hit the yak.
The yak is heavily wounded.
The yak completely misses you.
You thump the yak!
The yak is severely wounded.
The yak completely misses you.
You thump the yak!
You kill the yak!
Trog accepts your kill.
Your Maces & Flails skill increases to level 8!
You barely miss the yak. The yak gores you.
* * * LOW HITPOINT WARNING * * *
You completely miss the yak. The yak misses you.
You sock the yak!
The yak is moderately wounded.
The yak gores you but does no damage.
You barely miss the yak.
The yak is moderately wounded.
The yak gores you!
* * * LOW HITPOINT WARNING * * *
A red film seems to cover your vision as you go berserk!
You feel yourself moving faster!
You feel mighty! The yak gores you but does no damage.
You thump the yak!
The yak is severely wounded.
The yak gores you!
You die...

#####.###
........#
.#####..## ##
##..# #####
#######..#
#.....
..##.....#
#......
........##
##.>...
######### #.).#
##@# ##Y##
###Y## ###..## #
#####...##
######.......#
............<#
.............#
..(............#


You could see 2 yaks.

Vanquished Creatures
  Pikel (D:5)
  7 yaks
  Edmund (D:6)
  2 black bears (D:4)
  A centaur (D:6)
  2 phantoms
  A scorpion (D:6)
  5 hounds
  3 iguanas
  An orc wizard (D:5)
  5 adders
  2 white imps (D:6)
  An ufetubus (D:4)
  3 worms
  3 dart slugs
  6 orcs
  5 bats (D:1)
  4 endoplasms
  2 giant cockroaches
  8 goblins
  6 hobgoblins
  4 jackals (D:1)
  5 quokkas
  6 ball pythons
  A frilled lizard (D:2)
  2 kobolds (D:4)
  6 rats
93 creatures vanquished.

Notes
Turn   | Place    | Note
-------+----------+-------------------------------------------
     0 | D:1      | KittyFluff the Gargoyle Berserker began the quest for the
                  | Orb.
     0 | D:1      | Reached XP level 1. HP: 14/14 MP: 1/1
   245 | D:1      | Reached XP level 2. HP: 19/19 MP: 2/2
   406 | D:1      | Found Usorchode's Magic Scroll Emporium.
   666 | D:1      | Reached XP level 3. HP: 23/23 MP: 3/3
   832 | D:1      | Reached ** piety under Trog
  1094 | D:1      | Bought a scroll of magic mapping for 90 gold pieces
  1731 | D:2      | Reached XP level 4. HP: 21/29 MP: 4/4
  2098 | D:1      | Bought a scroll of teleportation for 36 gold pieces
  2098 | D:1      | Bought a scroll of identify for 24 gold pieces
  2098 | D:1      | Bought a scroll of identify for 24 gold pieces
  2301 | D:3      | Found a faded altar of an unknown god.
  2460 | D:3      | Found a shimmering blue altar of Sif Muna.
  2995 | D:4      | Found Selatow's Distillery.
  3087 | D:4      | Reached skill level 4 in Maces & Flails
  3221 | D:4      | Found Futyilis's Mass Market.
  3317 | D:4      | Found a staircase to the Ecumenical Temple.
  3326 | D:4      | Noticed a phantom
  3344 | D:4      | Killed a phantom
  3345 | D:4      | Reached skill level 1 in Stealth
  3345 | D:4      | Reached XP level 5. HP: 16/33 MP: 5/5
  3502 | D:4      | You fall into a shaft and drop 2 floors!
  3790 | D:6      | Reached XP level 6. HP: 29/39 MP: 6/6
  3901 | D:5      | Entered Level 5 of the Dungeon
  4185 | D:5      | Noticed Pikel
  4205 | D:5      | Killed Pikel
  4206 | D:5      | Reached skill level 5 in Fighting
  4206 | D:5      | Reached skill level 5 in Maces & Flails
  4206 | D:5      | Reached XP level 7. HP: 12/44 MP: 7/7
  4542 | D:4      | Reached skill level 1 in Shields
  4589 | D:4      | Reached skill level 5 in Armour
  4589 | D:4      | Reached XP level 8. HP: 36/50 MP: 8/8
  4742 | D:4      | Bought a potion of flight for 42 gold pieces
  4742 | D:4      | Bought a potion of ambrosia for 112 gold pieces
  4848 | D:5      | Reached skill level 6 in Maces & Flails
  4865 | D:5      | Reached *** piety under Trog
  5373 | D:6      | Noticed a yak
  5375 | D:6      | Noticed a yak
  5410 | D:5      | Killed a yak
  5556 | D:6      | Noticed a yak
  5556 | D:6      | Noticed a yak
  5569 | D:5      | Killed a yak
  5804 | D:5      | Killed a yak
  5805 | D:5      | Reached skill level 7 in Maces & Flails
  5809 | D:5      | Killed a yak
  5810 | D:5      | Reached XP level 9. HP: 23/55 MP: 9/9
  6208 | D:6      | Noticed Edmund
  6232 | D:6      | Killed Edmund
  6580 | D:6      | Reached skill level 8 in Maces & Flails
  6585 | D:6      | Slain by a yak

Illustrated notes

Levels and vault maps discovered:
D:1:      roderic_crossed_star, layout_loops_corners, serial_shops, shop,
          hangedman_abyss_or_decor_lesser_grid, minmay_stone_trees_small,
          kennysheep_doodads, minmay_cut_off
D:2:      layout_basic, minmay_randomly_rotated_circles
D:3:      layout_loops_ring, nicolae_sif_muna_condensation,
          nicolae_ecumenical_lake_church
D:4:      layout_loops_cross, minmay_temple_entry_waves, serial_shops,
          nicolae_shop_temple_entry_statues_fountains, minmay_shop_mass
D:5:      layout_loops_cross, hangedman_decor_slide_cut, hangedman_decor_lopped,
          uniq_pikel
D:6:      layout_layer_cave, uniq_edmund

Skill      XL: |  1  2  3  4  5  6  7  8  9 |
---------------+----------------------------+-----
Dodging        | 2 3 4 |  4.3
Armour         | 3 4 5 6 |  6.9
Maces & Flails | 4 5 7 8 |  8.0
Fighting       | 4 5 6 |  6.3
Stealth        | 1 2 |  2.2
Shields        | 1 2 |  2.2
Throwing       | |  0.1

Action                   |  1- 3 |  4- 6 |  7- 9 || total
-------------------------+-------+-------+-------++-------
Melee: Mace              |    99 |   160 |    53 ||   312
       Punch             |     1 |       |       ||     1
       Flail             |       |       |   159 ||   159
Throw: Stone             |       |       |     5 ||     5
Invok: Berserk           |       |     1 |     3 ||     4
  Use: Scroll            |       |     7 |     1 ||     8
       Potion            |       |       |     1 ||     1
Armor: Animal skin       |    23 |       |       ||    23
       Leather armour    |    23 |    65 |   110 ||   198
Dodge: Dodged            |    71 |    83 |   136 ||   290
Block: Buckler           |       |    12 |    34 ||    46
